 Dungeon Crawl Stone Soup version 0.22.1-1-ga44c0e5 (webtiles) character file.

94 brandon the Magician (level 4, -1/24 HPs)
             Began as a Deep Elf Fire Elementalist on Oct 5, 2018.
             Slain by an orc wizard
             ... wielding a +0 dagger
              (3 damage)
             ... on level 3 of the Dungeon.
             The game lasted 00:04:59 (1640 turns).

brandon the Magician (Deep Elf Fire Elementalist)   Turns: 1640, Time: 00:05:00

Health: -1/24      AC:  2    Str:  5    XL:     4   Next: 38%
Magic:  0/12       EV: 13    Int: 21    God:
Gold:   86         SH:  0    Dex: 15    Spells: 5/11 levels left

rFire    . . .     SeeInvis .   m - +0 falchion
rCold    . . .     Gourm    .   (no shield)
rNeg     . . .     Faith    .   a - +0 robe
rPois    .         Spirit   .   (no helmet)
rElec    .         Reflect  .   (no cloak)
rCorr    .         Harm     .   (no gloves)
MR       .....                  (no boots)
Stlth    ++........             (no amulet)
HPRegen  0.08/turn              (no ring)
MPRegen  0.13/turn              (no ring)

@: no status effects
A: no striking features
a: no special abilities


You were on level 3 of the Dungeon.
You were not hungry.

You visited 1 branch of the dungeon, and saw 3 of its levels.

You collected 86 gold pieces.

Inventory:

Hand Weapons
 m - a +0 falchion (weapon)
Armour
 a - a +0 robe (worn)
Scrolls
 b - a scroll of fog {unknown}
 f - a scroll of enchant weapon {unknown}
 h - 4 scrolls of enchant armour {unknown}
 i - a scroll of remove curse {unknown}
Potions
 d - a potion of lignification {unknown}
 e - 3 potions of heal wounds {unknown}
 g - 3 potions of degeneration {unknown}
 j - a potion of flight {unknown}
 k - a potion of agility {unknown}
Comestibles
 c - 2 rations
 l - a chunk of flesh


   Skills:
 - Level 2.4 Dodging
 - Level 2.4 Stealth
 + Level 4.1 Spellcasting
 * Level 3.3 Conjurations
 + Level 4.0 Fire Magic


You had 5 spell levels left.
You knew the following spells:

 Your Spells              Type           Power        Failure   Level  Hunger
a - Flame Tongue          Conj/Fire      ###..        2%          1    None
b - Throw Flame           Conj/Fire      ###...       4%          2    #......
c - Conjure Flame         Conj/Fire      ###.....     8%          3    ###....

Your spell library contained the following spells:

 Spells                   Type           Power        Failure   Level  Hunger
 Inner Flame              Hex/Fire       ##......     16%         3    ###....
 Sticky Flame             Conj/Fire      ###.....     26%         4    ####...
 Fireball                 Conj/Fire      ###.......   58%         5    ######.


Dungeon Overview and Level Annotations

Branches:
Dungeon (3/15)

Altars:
Nemelex Xobeh

Annotations:
D:2 Sigmund


Message History

A puff of flame appears from out of thin air!
The puff of flame misses you. Something hits you.
* * * LOW HITPOINT WARNING * * *
You miss something.
You hear some strange, mumbled words.
A magic dart appears from out of thin air!
The magic dart hits you!
* * * LOW HITPOINT WARNING * * *
Casting: Flame Tongue (safe; 2% risk of failure)
Confirm with . or Enter, or press ? or * to list all spells.
You can't see any susceptible monsters within range! (Use Z to cast anyway.)
Casting: Flame Tongue (safe; 2% risk of failure)
Confirm with . or Enter, or press ? or * to list all spells.
Aiming: Flame Tongue (safe; 2% risk of failure)
Press: ? - help, Shift-Dir - straight line The flame tongue hits something.
Something hits you.
* * * LOW HITPOINT WARNING * * *
You miss something. Something hits you but does no damage.
You hit something. Something hits you.
You die...

.. ... # ...
#.###.############# #.#
#....).รท.{@.......###.#
#####.#####...........#
# #.##<##.##..#####
#.##.##......<...
#.##.#####..##### #.##.#
#<.# #.#####.##.# #..#
#..........#####..#
######.##........#


There were no monsters in sight!

Vanquished Creatures
  3 gnolls (D:2)
  2 adders (D:2)
  A leopard gecko (D:1)
  3 orcs
  6 bats
  2 giant cockroaches
  3 goblins
  5 hobgoblins
  5 jackals
  A frilled lizard (D:1)
  6 kobolds
  6 rats
43 creatures vanquished.

Notes
Turn   | Place    | Note
-------+----------+-------------------------------------------
     0 | D:1      | brandon the Deep Elf Fire Elementalist began the quest for
                  | the Orb.
     0 | D:1      | Reached XP level 1. HP: 10/10 MP: 6/6
   209 | D:1      | Reached XP level 2. HP: 13/15 MP: 0/8
   215 | D:1      | Learned a level 2 spell: Throw Flame
   774 | D:1      | Found a sparkling altar of Nemelex Xobeh.
   906 | D:2      | Reached XP level 3. HP: 19/19 MP: 0/10
  1176 | D:2      | Learned a level 3 spell: Conjure Flame
  1212 | D:2      | Reached XP level 4. HP: 24/24 MP: 1/11
  1553 | D:2      | Noticed Sigmund
  1640 | D:3      | Slain by an orc wizard

Skill      XL: |  1  2  3  4 |
---------------+-------------+-----
Conjurations   | 2 3 |  3.3
Spellcasting   | 4 |  4.1
Fire Magic     | 4 |  4.0
Dodging        | |  2.4
Stealth        | |  2.4

Action                   |  1- 3 |  4- 6 || total
-------------------------+-------+-------++-------
Melee: Falchion          |       |     8 ||     8
 Cast: Flame Tongue      |    32 |     6 ||    38
       Throw Flame       |    21 |    19 ||    40
  Eat: Chunk             |     1 |     2 ||     3
Armor: Robe              |     3 |     1 ||     4
Dodge: Dodged            |    11 |     4 ||    15
